 Dungeon Crawl Stone Soup version 0.18.1-50-g88ac8fd (webtiles) character file.

23 wolfsongas the Magician (level 2, -2/20 HPs)
             Began as a Draconian Wizard on May 3, 2017.
             Slain by a black bear (4 damage)
             ... on level 1 of the Dungeon.
             The game lasted 00:05:01 (1196 turns).

wolfsongas the Magician (Draconian Wizard)          Turns: 1196, Time: 00:05:02

Health: -2/20      AC:  4    Str:  8 (9)  XL:     2   Next: 72%
Magic:  10/15      EV: 12    Int: 16 (18) God:
Gold:   66         SH:  0    Dex:  8 (9)  Spells: 1 memorised, 7 levels left

rFire  . . .     SeeInvis .     d - +0 club
rCold  . . .     Gourm    .     (armour unavailable)
rNeg   . . .     Faith    .     (no shield)
rPois  .         Spirit   .     a - +0 hat
rElec  .         Dismiss  .     (no cloak)
rCorr  .         Reflect  .     (no gloves)
SustAt .         Harm     .     (no boots)
MR     .....                    (no amulet)
Stlth  +.........               (no ring)
                                i - ring of magical power

@: not resistant to hostile enchantments, very unstealthy
A: unfitting armour, cold-blooded, AC +4
a: no special abilities


You were on level 1 of the Dungeon.
You were hungry.

You visited 1 branch of the dungeon, and saw 1 of its levels.

You collected 66 gold pieces.

Inventory:

Hand Weapons
 d - a +0 club (weapon)
Armour
 a - a +0 hat (worn)
Jewellery
 i - a ring of magical power (left hand)
Scrolls
 h - 2 scrolls of remove curse
Potions
 e - a potion of berserk rage {unknown}
Books
 b - a book of Minor Magic

   Spells                             Type                      Level
   a - Magic Dart                     Conjuration                  1
   b - Blink                          Translocation                2
   c - Call Imp                       Summoning                    2
   d - Repel Missiles                 Charms/Air                   2
   e - Slow                           Hexes                        2
   f - Conjure Flame                  Conjuration/Fire             3
   g - Mephitic Cloud                 Conjuration/Poison/Air       3
Comestibles
 c - a bread ration
 f - a royal jelly


   Skills:
 + Level 0.2 Fighting
 - Level 1.7 Dodging
 - Level 1.7 Stealth
 + Level 0.4 Unarmed Combat
 + Level 3.6 Spellcasting
 + Level 1.4 Conjurations
   Level 1.0 Summonings
   Level 1.0 Translocations


You had 7 spell levels left.
You knew the following spells:

 Your Spells              Type           Power        Failure   Level  Hunger
a - Magic Dart            Conj           #...         12%         1    None


Dungeon Overview and Level Annotations

Branches:
Dungeon (1/15)

Altars:


Innate Abilities, Weirdness & Mutations

Your plain brown scales are hard (AC +4).
Your body does not fit into most forms of armour.
You are cold-blooded and may be slowed by cold attacks.


Message History

Casting: Magic Dart
Confirm with . or Enter, or press ? or * to list all spells.
Aiming: Magic Dart
Press: ? - help, Shift-Dir - straight line, f/p - black bear
Aim: a black bear (moderately wounded)
The magic dart hits the black bear.
The black bear is moderately wounded.
The black bear bites you but does no damage.
The black bear claws you.
* * * LOW HITPOINT WARNING * * *
The black bear barely misses you.
Casting: Magic Dart
Confirm with . or Enter, or press ? or * to list all spells.
Aiming: Magic Dart
Press: ? - help, Shift-Dir - straight line, f/p - black bear
Aim: a black bear (moderately wounded)
The magic dart hits the black bear.
The black bear is heavily wounded.
The black bear bites you.
You die...

...#.......#####.........##...##
......######...##.###.....######
.....######.....#.###......# ####
>.........#.....#...#.###### #...
..#######.#.....#.....########...
..# #.##...##................ ..#
#..##'###.#...#..†#.##### ..#
##......#h..#######+##### ..#
#####..@...# #......... .##
#.###### #......... .# #.##...##
#......... ## ##.#.....#
#...(..... #⌠.'..<..# #.........
####.....# #####'#### ##...##
#..# # ##### ##.### ########
###### #....


You could see a black bear.

Vanquished Creatures
  A dart slug (D:1)
  2 giant geckos (D:1)
  A giant cockroach (D:1)
  2 hobgoblins (D:1)
  2 jackals (D:1)
  3 kobolds (D:1)
  4 bats (D:1)
  A goblin (D:1)
  A rat (D:1)
17 creatures vanquished.

Notes
Turn   | Place    | Note
--------------------------------------------------------------
     0 | D:1      | wolfsongas the Draconian Wizard began the quest for the Orb.
     0 | D:1      | Reached XP level 1. HP: 14/14 MP: 4/4
   210 | D:1      | Reached XP level 2. HP: 9/20 MP: 1/6
  1189 | D:1      | Noticed a black bear
  1196 | D:1      | Slain by a black bear

Action                   || total
-------------------------++-------
Melee: Club              ||    24
       Unarmed           ||     7
       Tailslap          ||     3
       Mace              ||    12
 Cast: Magic Dart        ||    22
  Use: Potion            ||     2
       Scroll            ||     2
Armor: Skin              ||    17
Dodge: Dodged            ||    29
